 Dungeon Crawl Stone Soup version 0.28-a0-983-g1de4e0787c (webtiles) character file.

Game seed: 10041174099519712154

44 Htamos the Chiller (level 3, -2/25 HPs)
             Began as a Vampire Wanderer on Dec 3, 2021.
             Was a Follower of Nemelex Xobeh.
             Slain by an adder (4 damage)
             ... on level 2 of the Dungeon.
             The game lasted 00:03:21 (895 turns).

Htamos the Chiller (Vampire Wanderer)                Turns: 895, Time: 00:03:22

Health: -2/25      AC:  2    Str: 14    XL:     3   Next: 39%
Magic:  6/6        EV: 11    Int: 13    God:    Nemelex Xobeh [*.....]
Gold:   32         SH:  0    Dex: 15    Spells: 5/6 levels left

rFire   . . .      SeeInvis +   a - +0 dagger
rCold   . . .      Faith    .   (no shield)
rNeg    . . .      Spirit   .   b - +0 robe
rPois   .          Reflect  .   (no helmet)
rElec   .          Harm     .   (no cloak)
rCorr   .          Rampage  .   (no gloves)
Will    .....                   (no boots)
Stlth   ++........              (no amulet)
HPRegen 0.28/turn               (no ring)
MPRegen 0.10/turn               (no ring)

@: lethally poisoned (-2 -> -5), healing quickly
A: alive, fangs 3, see invisible, vampiric 2, deterioration 1, strong 1,
devolution 1
a: Exsanguinate, Renounce Religion, Draw Escape, Draw Destruction, Draw
Summoning


You were on level 2 of the Dungeon.
You worshipped Nemelex Xobeh.
Nemelex Xobeh was aware of your devotion.
You visited 1 branch of the dungeon, and saw 2 of its levels.

You collected 32 gold pieces.

Inventory:

Hand Weapons
 a - a +0 dagger (weapon)
 e - a +0 club
Armour
 b - a +0 robe (worn)
Miscellaneous
 c - a piece from Xom's chessboard (9/15)


   Skills:
 * Level 0.7 Fighting
 + Level 0.4 Short Blades
 * Level 1.4 Stealth
 + Level 2.2 Spellcasting
 + Level 1.4 Summonings
 + Level 3.2 Ice Magic
 + Level 2.3 Earth Magic
 * Level 0.0 Invocations
 - Level 2.1 Evocations


You had 5 spell levels left.
You knew the following spells:

 Your Spells              Type           Power      Damage    Failure   Level
a - Sandblast             Erth           14%        2d6       10%         1

Your spell library contained the following spells:

 Spells                   Type           Power      Damage    Failure   Level
 Passwall                 Tmut/Erth      3%         N/A       24%         2
 Beastly Appendage        Tmut           2%         N/A       26%         1
 Call Canine Familiar     Summ           5%         N/A       38%         3
 Stone Arrow              Conj/Erth      8%         3d7       43%         3
 Ignite Poison            Fire/Tmut/Pois 1%         N/A       58%         3
 Portal Projectile        Hex/Tloc       2%         N/A       58%         3
 Leda's Liquefaction      Hex/Erth       2%         N/A       83%         4
 Petrify                  Tmut/Erth      4%         N/A       83%         4


Dungeon Overview and Level Annotations

Branches:
Dungeon (2/15)

Altars:
Nemelex Xobeh

Shops:
D:1 *   D:2 ((


Innate Abilities, Weirdness & Mutations

Your natural rate of healing is accelerated.
You have razor-sharp teeth.
You have supernaturally acute eyesight. (SInv)
You are afflicted with vampirism and can become a bat while bloodless.
Your body sometimes deteriorates upon taking damage.
Your muscles are strong. (Str +2)
You have hidden genetic defects.


Message History

There is an entrance to Olugh's Weapon Shop here.
An adder comes into view.
The helpless worm fails to defend itself.
You hit the worm.
The worm is moderately wounded.
The dart slug launches a dart at you. The slug dart hits you.
The dart slug launches a dart at you. The slug dart hits you.
There is an entrance to Olugh's Weapon Shop here.
The dart slug launches a dart at you. The slug dart hits you.
You don't have any such object.
Evoke which item? (* to show all) (? for menu, Esc to quit)
You make a move on Xom's chessboard...
The dart slug twists and deforms.
Unknown command.
You closely miss the adder. The adder misses you.
You barely miss the adder. The adder bites you.
You hit the adder.
The adder is moderately wounded.
The adder bites you.
You are poisoned.
The adder poisons you! The adder bites you.
* * * LOW HITPOINT WARNING * * *
It was a potion of mutation.
You feel extremely strange.
You feel a hidden malignance growing inside you.
You feel stronger.
You feel yourself wasting away.
You feel sick. The adder bites you.
* * * LOW HITPOINT WARNING * * *
As you read the scroll labelled KAOVUUQAFO, it crumbles to dust.
It is a scroll of identify.
You don't have any unidentified items.
* * * LOW HITPOINT WARNING * * *
You feel sick. The adder barely misses you.
You completely miss the adder.
The adder is moderately wounded.
* * * LOW HITPOINT WARNING * * *
You feel sick. The adder bites you.
You die...
Your body disappears without a glow.

#.#####..#.#.#.#.. ####.
#.†..#.#.#...# ....
#.#....#.#.... ...
##..#####.#...#
..##.._..........#
..#..#######.####
#.#..............
#.############.#.###...#.#####
.........∩.wS@......>..#.##
#..#.......w##.####...<...#
#......)....##..........).#
##.........<#######.......#
............# #........#
##.#........# #........#
#.########## #.######## # #. #


You could see a worm, an adder and a dart slug (misshapen).

Vanquished Creatures
  Jessica (D:2)
  2 endoplasms (D:1)
  A hobgoblin (D:2)
  6 jackals (D:1)
  A quokka (D:1)
  A ball python (D:1)
  2 goblins (D:1)
  2 rats (D:1)
16 creatures vanquished.

Vanquished Creatures (others)
  6 plants (D:1)
6 creatures vanquished.

Grand Total: 22 creatures vanquished

Notes
Turn   | Place    | Note
-------+----------+-------------------------------------------
     0 | D:1      | Htamos the Vampire Wanderer began the quest for the Orb.
     0 | D:1      | Htamos set off with the following items: a +0 dagger, a +0
                  | robe, a piece from Xom's chessboard (15/15); and the
                  | following spells available to memorise: Sandblast, Beastly
                  | Appendage, Passwall, Stone Arrow, Ignite Poison, Petrify
     0 | D:1      | Reached XP level 1. HP: 13/13 MP: 3/3
     2 | D:1      | Learned a level 1 spell: Sandblast
   165 | D:1      | Reached XP level 2. HP: 15/19 MP: 5/5
   424 | D:1      | Found Rinuth's Assorted Antiques.
   806 | D:2      | Noticed Jessica
   810 | D:2      | Killed Jessica
   811 | D:2      | Reached skill level 1 in Stealth
   811 | D:2      | Gained mutation: You are afflicted with vampirism and can
                  | become a bat while bloodless. [Vampire growth]
   811 | D:2      | Reached XP level 3. HP: 20/25 MP: 6/6
   834 | D:2      | Found a faded altar of an unknown god.
   847 | D:2      | Found Fuuczem's Antique Weapon Shoppe.
   868 | D:2      | Prayed at the altar of an unknown god.
   868 | D:2      | Became a worshipper of Nemelex Xobeh the Trickster
   868 | D:2      | Reached * piety under Nemelex Xobeh
   868 | D:2      | Received a gift from Nemelex Xobeh
   871 | D:2      | Found Olugh's Weapon Shop.
   893 | D:2      | Gained mutation: You have hidden genetic defects. [potion
                  | of mutation]
   893 | D:2      | Gained mutation: Your muscles are strong. (Str +2) [potion
                  | of mutation]
   893 | D:2      | Gained mutation: Your body sometimes deteriorates upon
                  | taking damage. [potion of mutation]
   895 | D:2      | Slain by an adder

Illustrated notes

Levels and vault maps discovered:
D:1:      scummos_arrival_forest, layout_loops_ring, serial_shops, shop,
          kennysheep_boxes
D:2:      layout_basic, serial_shops, nicolae_lakefront_shop,
          nicolae_shop_behind_doors, nicolae_shop_statue_plus, shop,
          basic_ecumenical_altar, uniq_jessica

Skill      XL: |  1  2 |
---------------+-------+-----
Evocations     | 2 |  2.1
Stealth        | 1 |  1.4
Fighting       | |  0.7
Short Blades   | |  0.4
Spellcasting   | |  2.2
Summonings     | |  1.4
Ice Magic      | |  3.2
Earth Magic    | |  2.3

Action                   || total
-------------------------++-------
Melee: Dagger            ||    71
       Bite              ||     7
Evoke: Piece from Xom's  ||     8
  Use: Scroll            ||     4
       Potion            ||     2
 Stab: Petrified         ||     3
       Sleeping          ||     4
       Paralysed         ||     2
       Petrifying        ||     1
Armor: Robe              ||     9
Dodge: Dodged            ||    43

Table legend: (Time is in decaauts)
 A = Elapsed time spent in this place.
 B = Non-inter-level travel time spent in this place.
 C = Inter-level travel time spent in this place.
 D = Time resting spent in this place.
 E = Time spent auto-exploring this place.
 F = Levels seen in this place.
 G = Mean time per level.
                   A        B        C        D        E       F      G
               +--------+--------+--------+--------+--------+-----+--------+
         Total |    910 |    905 |      5 |     44 |    687 |   2 |  455.0 |
       Dungeon |    910 |    905 |      5 |     44 |    687 |   2 |  455.0 |
               +--------+--------+--------+--------+--------+-----+--------+

Top non-repeatable levels by time:
     D:1: 822 daAuts
     D:2: 88 daAuts
